 Dungeon Crawl Stone Soup version 0.29.1-1-gd02db6906a (webtiles) character file.

Game seed: 6780228830956708278

913 hawla the Destroyer (level 7, 0/51 HPs)
             Began as a White Draconian Conjurer on Sept 23, 2022.
             Was a Follower of Vehumet.
             Succumbed to a kobold's poison
             ... on level 6 of the Dungeon.
             The game lasted 00:12:49 (4472 turns).

hawla the Destroyer (White Draconian Conjurer)      Turns: 4472, Time: 00:12:49

Health: 0/51       AC: 10    Str: 10    XL:     7   Next: 82%
Magic:  5/10       EV: 12    Int: 20    God:    Vehumet [*.....]
Gold:   175        SH:  0    Dex:  9    Spells: 3/10 levels left

rFire   . . .      SeeInvis .   i - +2 short sword (venom)
rCold   + . .      Faith    .   (no shield)
rNeg    . . .      Spirit   .   (body armour unavailable)
rPois   .          Reflect  .   (helmet restricted)
rElec   .          Harm     .   (no cloak)
rCorr   .          Rampage  .   q - +2 pair of gloves
Will    .....                   j - +0 pair of boots
Stlth   ++........              (no amulet)
HPRegen 0.17/turn               (no ring)
MPRegen 0.12/turn               (no ring)

@: lethally poisoned (0 -> -15), slowed, very slow
A: breathe frost, AC +6, unfitting armour, cold resistance 1, cold-blooded
a: Breathe Frost, Renounce Religion


You were on level 6 of the Dungeon.
You worshipped Vehumet.
Vehumet was aware of your devotion.
You visited 1 branch of the dungeon, and saw 6 of its levels.
You also visited: Sewer.

You collected 175 gold pieces.

Inventory:

Hand Weapons
 i - a +2 short sword of venom (weapon)
 p - a +0 great sword
Missiles
 a - 2 curare-tipped darts
 c - 5 javelins
 f - 3 boomerangs
Armour
 j - a +0 pair of boots (worn)
 q - a +2 pair of gloves (worn)
Jewellery
 k - the ring "Xewaemam" {rElec rN+ Int+6}
   (You found it on level 6 of the Dungeon)

   [ring of intelligence]

   Int:       It affects your intelligence (+6).
   rElec:     It insulates you from electricity.
   rN:        It protects you from negative energy.
Wands
 l - a wand of flame (17)
Scrolls
 d - a scroll of enchant weapon
 g - a scroll of teleportation {unknown}
Potions
 b - a potion of curing
 e - a potion of heal wounds
 h - a potion of might {unknown}
 m - 2 potions of mutation {unknown}
 n - a potion of degeneration {unknown}
 o - 4 potions of flight


   Skills:
 + Level 0.8 Fighting
 + Level 1.6 Short Blades
 + Level 2.3 Dodging
 - Level 2.2 Stealth
 + Level 2.4 Spellcasting
 + Level 8.0 Conjurations
 + Level 4.2 Translocations


You had 3 spell levels left.
You knew the following spells:

 Your Spells              Type           Power      Damage    Failure   Level
a - Magic Dart            Conj           100%       1d8       1%          1
b - Searing Ray           Conj           68%        2d6       1%          2
c - Iskenderun's Mystic   Conj/Tloc      26%        2d7       12%         4

Your spell library contained the following spells:

 Spells                   Type           Power      Damage    Failure   Level
 Freeze                   Ice            8%         1d3       16%         1
 Dazzling Flash           Conj/Hex       36%        N/A       9%          3
 Necrotise                Necr           8%         1d4       16%         1
 Sting                    Tmut/Pois      8%         1d3       16%         1
 Poisonous Vapours        Pois/Air       4%         N/A       22%         2
 Ozocubu's Armour         Ice            2%         N/A       41%         3
 Vampiric Draining        Necr           2%         2d6       41%         3
 Fulminant Prism          Conj/Hex       9%         3d7       28%         4
 Lightning Bolt           Conj/Air       9%         1d21      63%         5
 Airstrike                Air            1%         2d(1-17)  83%         4
 Olgreb's Toxic Radiance  Pois           2%         N/A       83%         4
 Summon Lightning Spire   Summ/Air       2%         N/A       83%         4
 Agony                    Necr           2%         N/A       99%         5
 Ozocubu's Refrigeration  Ice            1%         4d7       100%        7


Dungeon Overview and Level Annotations

Branches:
Dungeon (7/15)             Temple (0/1) D:6           Sewer (visited)

Altars:
Cheibriados
Kikubaaqudgha
Trog
Vehumet
Xom

Shops:
D:2 :

Annotations:
D:7 Prince Ribbit


Innate Abilities, Weirdness & Mutations

You can breathe waves of freezing cold which knock back foes.
Your icy white scales are hard. (AC +6)
You cannot fit into any form of body armour.
Your flesh is cold resistant. (rC+)
You are cold-blooded and may be slowed by cold attacks.


Message History

You feel sick.
The kobold throws a stone.
The stone hits you but does no damage.
You feel sick.
The kobold brigand throws a curare-tipped dart.
The curare-tipped dart hits you.
You are more poisoned.
You have difficulty breathing.
You feel as though you will be slow longer.
The kobold brigand throws a curare-tipped dart.
The curare-tipped dart hits you.
You are more poisoned.
You have difficulty breathing.
* * * LOW HITPOINT WARNING * * *
You feel as though you will be slow longer.
The kobold barely misses you.
You feel much better.
You feel extremely sick. The kobold hits you but does no damage.
You feel drained.
You hit the kobold brigand.
You kill the kobold brigand!
Vehumet accepts your kill.
* * * LOW HITPOINT WARNING * * *
You feel extremely sick. The kobold misses you.
The kobold hits you but does no damage.
You feel drained.
Your life force feels restored.
Your Conjurations skill increases to level 8!
You hit the kobold.
You kill the kobold!
Vehumet accepts your kill.
* * * LOW HITPOINT WARNING * * *
You feel very sick. The kobold hits you but does no damage.
You are more poisoned.
You hit the kobold.
You kill the kobold!
Vehumet accepts your kill.
* * * LOW HITPOINT WARNING * * *
You feel very sick.
You die...

#.#..#...#...#...#)..#
#....#...#...#####...#
#.#.##...#...# #...#
#.....#.###.#. .#.##
#.#.#.##...###. .###.
#.#.#.#.....# # ..
#.#.#..#...
#.#.#.)#### #.#.#@)#
#.#.#.#)....#
#.#.#|##...## #.# ..#
###.# #.####. . . ..
#. #.


There were no monsters in sight!

Vanquished Creatures
  2 water moccasins (D:6)
  3 kobold brigands
  2 scorpions (D:7)
  2 orc priests (D:3)
  A jelly (D:6)
  3 iguanas (D:6)
  An orc wizard (D:3)
  8 adders
  3 gnolls (D:3)
  2 river rats (Sewer)
  A worm (D:2)
  2 dart slugs
  8 orcs
  5 ball pythons
  3 endoplasms
  4 giant cockroaches
  3 hobgoblins
  A jackal (Sewer)
  15 kobolds
  7 quokkas
  5 bats
  3 frilled lizards
  4 goblins
  2 rats (Sewer)
90 creatures vanquished.

Notes
Turn   | Place    | Note
-------+----------+-------------------------------------------
     0 | D:1      | hawla the Draconian Conjurer began the quest for the Orb.
     0 | D:1      | Reached XP level 1. HP: 14/14 MP: 3/3
   368 | D:1      | Reached XP level 2. HP: 20/20 MP: 1/5
   497 | D:1      | Learned a level 2 spell: Searing Ray
   852 | D:1      | Found a faded altar of an unknown god.
  1192 | D:2      | Reached XP level 3. HP: 26/26 MP: 0/6
  1591 | D:2      | Found Luecuoxt's Book Emporium.
  1611 | D:2      | Reached skill level 5 in Conjurations
  1799 | D:2      | Reached XP level 4. HP: 33/33 MP: 7/7
  1804 | D:2      | Learned a level 4 spell: Iskenderun's Mystic Blast
  2067 | D:3      | Reached skill level 1 in Translocations
  2074 | D:3      | Reached XP level 5. HP: 36/38 MP: 4/8
  2162 | D:3      | Found a snail-covered altar of Cheibriados.
  2166 | D:3      | Found a radiant altar of Vehumet.
  2178 | D:3      | Became a worshipper of Vehumet
  2405 | D:3      | Found a glowing drain.
  2423 | Sewer    | Entered a sewer
  2567 | Sewer    | HP: 1/38 [kobold brigand/+0 club (5)]
  2569 | Sewer    | Reached skill level 6 in Conjurations
  2570 | Sewer    | Reached XP level 6. HP: 2/45 MP: 1/9
  2877 | Sewer    | Found a white marble altar of Elyvilon.
  3444 | D:3      | Found an ancient bone altar of Kikubaaqudgha.
  3460 | D:3      | Reached * piety under Vehumet
  3460 | D:3      | Offered knowledge of Freeze by Vehumet.
  3519 | D:3      | Found a shimmering altar of Xom.
  3725 | D:4      | You fall into a shaft and drop 3 floors!
  3770 | D:7      | Noticed Prince Ribbit
  3773 | D:7      | Reached skill level 7 in Conjurations
  3785 | D:7      | Your scales start taking on an icy white colour.
  3785 | D:7      | Reached XP level 7. HP: 27/50 MP: 1/10
  3785 | D:7      | Gained mutation: Your flesh is cold resistant. (rC+) [White
                  | Draconian growth]
  3791 | D:6      | Found the +3 robe of Clouds {*Thunder rCloud rElec}
  3946 | D:6      | Found a staircase to the Ecumenical Temple.
  4017 | D:6      | Found a bloodstained altar of Trog.
  4351 | D:6      | Reached skill level 1 in Short Blades
  4448 | D:6      | Identified the ring "Xewaemam" {rElec rN+ Int+6}
  4470 | D:6      | Reached skill level 8 in Conjurations
  4472 | D:6      | Succumbed to a kobold's poison

Illustrated notes

Levels and vault maps discovered:
D:1:      elethiomel_arrival_infinity_welcomes_careful_drivers, layout_basic,
          serial_forest, infiniplex_forest_clump_medium,
          infiniplex_forest_straight_4, infiniplex_forest_straight_3,
          infiniplex_forest_clump_small, infiniplex_forest_straight_2,
          infiniplex_forest_clump_long, infiniplex_forest_clump_C,
          infiniplex_forest_end_1, infiniplex_forest_clump_long,
          basic_ecumenical_altar, hangedman_decor_slide_cut, minmay_3d_cube
D:2:      layout_loops_ring, serial_shops, nicolae_shop_statue_plus
D:3:      layout_loops_ring, vehumet_altar_wand_db, lemuel_crystal_altar,
          mainiacjoe_overflow_six_doors_small, lemuel_tele_altar,
          portal_sewer_entry_f, minmay_misc_feat_iff
D:4:      layout_basic, old_standard_altar, lemuel_doored_altar, serial_shops,
          kennysheep_mini, shop_fountains, shop, nicolae_shop_window_shopping,
          shop
D:6:      nicolae_cairo_tiling, layout_basic, mainiacjoe_overflow_cross_hatched
D:7:      layout_loops_cross, lemuel_coloured_pillars_altar,
          yredelemnul_altar_generic, gammafunk_ghost_abyssal_escape,
          minivault_26, uniq_menkaure, uniq_prince_ribbit1

Skill      XL: |  1  2  3  4  5  6  7 |
---------------+----------------------+-----
Stealth        | 2 |  2.2
Dodging        | 2 |  2.3
Conjurations   | 5 6 7 8 |  8.0
Translocations | 1 2 3 4 |  4.2
Short Blades   | 1 |  1.6
Fighting       | |  0.8
Spellcasting   | |  2.4

Action                   |  1- 3 |  4- 6 |  7- 9 || total
-------------------------+-------+-------+-------++-------
Melee: Unarmed           |     4 |       |       ||     4
       Short sword       |    58 |   100 |    16 ||   174
       Tailslap          |     5 |    10 |     1 ||    16
       Punch             |     1 |     1 |       ||     2
 Cast: Magic Dart        |    20 |     5 |     1 ||    26
       Searing Ray       |     2 |     7 |     6 ||    15
       Iskenderun's Myst |       |     8 |     3 ||    11
  Use: Scroll            |     5 |     2 |       ||     7
       Potion            |       |     8 |     2 ||    10
 Stab: Sleeping          |     3 |     2 |       ||     5
Armor: Skin              |    27 |    61 |    19 ||   107
Dodge: Dodged            |    40 |    86 |    13 ||   139
